Map: Тритон РВ

Players

ConorMcGregR - Winner!

  • Race: Zerg Zerg
  • League: Platinum
  • Spawn Location: 11:00

Dolmatt

  • Race: Terran Terran
  • League: Platinum
  • Spawn Location: 5:00

VOD

Have the link to the VOD?

Description

Time

  • Played on: Sept. 24, 2019, 8:09 a.m.
  • Length: 14:18
Show
View Real Time Build Order
Export as new Build Order

ConorMcGregR Zerg - Winner!

Build Orders: Hatch First, Brood Lord Corruptor 

Get SALT Encoding   

  12  0:01  Drone  
  13  0:14  Overlord  
  13  0:16  Drone  
  14  0:32  Drone x2  
  16  0:52  Drone, Hatchery  
  16  0:56  Drone  
  17  0:59  Extractor  
  16  1:13  Spawning Pool  
  16  1:15  Drone  
  16  1:20  Drone  
  16  1:23  Drone  
  18  1:29  Drone  
  19  1:41  Overlord  
  19  1:54  Drone  
  19  2:00  Metabolic Boost  
  20  2:01  Queen  
  20  2:07  Queen  
  24  2:10  Zergling x2  
  24  2:14  Zergling x2  
  26  2:17  Drone  
  26  2:20  Drone  
  28  2:28  Drone x2  
  30  2:34  Drone  
  31  2:40  Queen  
  33  2:51  Pneumatized Carapace  
  33  2:53  Drone x3  
  36  3:05  Overlord  
  36  3:13  Hatchery  
  35  3:22  Lair  
  35  3:30  Drone  
  35  3:31  Drone x6  
  42  3:40  Drone  
  42  3:41  Drone  
  44  3:50  Overlord  
  44  3:56  Extractor  
  43  4:32  Drone x8  
  43  4:33  Drone x3  
  43  4:35  Extractor  
  43  4:36  Extractor  
  52  4:50  Spire  
  52  4:52  Baneling Nest  
  50  4:58  Drone x8  
  58  5:01  Overlord  
  58  5:05  Overseer  
  58  5:24  Evolution Chamber, Drone x2  
  58  5:25  Evolution Chamber  
  58  5:26  Overlord  
  58  5:27  Overlord  
  58  5:36  Zergling x14  
  65  5:53  Overlord x2  
  65  5:56  Drone x6  
  71  5:59  Extractor  
  71  6:00  Zerg Ground Armor Level 1, Zerg Melee Weapons Level 1  
  71  6:01  Extractor  
  69  6:06  Infestation Pit  
  68  6:12  Centrifical Hooks  
  68  6:14  Zergling x14  
  75  6:29  Drone x3  
  75  6:30  Drone x2  
  80  6:45  Hive  
  80  7:09  Zergling x4  
  80  7:11  Overlord x2  
  80  7:12  Overlord x6  
  80  7:24  Spore Crawler  
  77  7:42  Drone x3  
  77  7:43  Drone x3  
  83  7:48  Spore Crawler  
  83  7:49  Spore Crawler  
  81  7:55  Zerg Melee Weapons Level 2, Zerg Ground Armor Level 2  
  81  7:57  Adrenal Glands  
  81  7:59  Zergling x24  
  81  8:00  Zergling x2  
  94  8:14  Drone x3  
  94  8:15  Drone x3  
  94  8:17  Overlord x2  
  94  8:19  Extractor x2, Hatchery  
  97  8:22  Baneling  
  97  8:23  Baneling x6  
  97  8:24  Baneling  
  97  8:32  Hatchery  
  96  8:36  Drone x3  
  96  8:37  Drone x2  
  96  8:38  Drone  
  102  8:47  Drone x2  
  102  8:48  Ultralisk Cavern, Drone  
  104  8:49  Drone  
  104  8:50  Drone x2  
  107  9:00  Zergling x2  
  107  9:02  Zergling x2  
  109  9:03  Zergling x2  
  109  9:05  Zergling x2  
  109  9:06  Zergling x2  
  109  9:08  Zergling x2  
  109  9:09  Zergling x2  
  114  9:22  Drone x8  
  122  9:37  Overseer x2  
  121  9:39  Zergling x20  
  131  9:48  Baneling x4  
  130  10:08  Greater Spire  
  130  10:09  Corruptor  
  130  10:10  Corruptor x8  
  130  10:12  Corruptor x2  
  130  10:13  Corruptor x5  
  162  10:19  Baneling x7  
  162  10:20  Baneling x22  
  162  10:21  Zergling x8  
  162  10:24  Overlord x3  
  120  11:24  Drone x10  
  120  11:25  Drone x5  
  122  11:59  Zergling x20  
  122  12:00  Zergling x46, Extractor  
  150  12:30  Zergling x20  
  144  13:00  Baneling x8  
  144  13:04  Brood Lord x8  
  144  13:05  Corruptor  
  159  13:06  Corruptor x14  
  159  13:10  Overlord x2  
Show
View Real Time Build Order
Export as new Build Order

Dolmatt Terran 

Build Orders: Gas First Reaper Expand 

Get SALT Encoding   

  12  0:01  SCV  
  13  0:13  SCV  
  14  0:19  Supply Depot  
  14  0:25  SCV  
  15  0:29  Refinery  
  15  0:40  SCV  
  16  0:46  Barracks  
  16  0:52  SCV  
  17  1:04  SCV  
  18  1:16  SCV  
  19  1:34  Orbital Command  
  19  1:35  Reaper  
  20  1:47  Command Center  
  20  2:02  Factory  
  20  2:03  SCV  
  21  2:09  Barracks Reactor  
  21  2:20  Bunker  
  21  2:21  SCV  
  22  2:23  Supply Depot  
  22  2:34  SCV  
  22  2:46  Marine x2, SCV  
  22  2:51  Supply Depot  
  25  2:52  Factory Tech Lab  
  25  2:58  Starport  
  25  3:03  SCV  
  26  3:06  Orbital Command  
  26  3:08  Marine  
  27  3:20  Refinery  
  27  3:23  Refinery  
  27  3:27  Engineering Bay  
  27  3:31  Marine  
  28  3:40  SCV x2  
  30  3:44  Starport Reactor  
  30  3:52  SCV  
  30  3:53  SCV  
  32  4:04  SCV  
  33  4:12  SCV  
  33  4:16  Siege Tank, SCV  
  38  4:20  Missile Turret  
  38  4:22  Missile Turret  
  37  4:24  SCV  
  37  4:25  Missile Turret  
  37  4:29  SCV  
  39  4:36  SCV  
  40  4:41  SCV  
  41  4:45  Terran Infantry Weapons Level 1, Missile Turret  
  41  4:49  SCV  
  42  4:57  SCV  
  43  5:01  SCV  
  43  5:06  Viking  
  46  5:07  Medivac  
  46  5:09  SCV  
  46  5:13  SCV  
  50  5:21  SCV  
  50  5:23  Supply Depot  
  50  5:25  SCV, Supply Depot  
  50  5:27  Liberator, Supply Depot  
  52  5:28  Stimpack  
  52  5:33  SCV  
  53  5:37  SCV  
  54  5:43  Refinery  
  54  5:44  Barracks x2, Medivac  
  54  5:45  SCV  
  54  5:49  Marine  
  61  5:51  Widow Mine x2  
  65  6:06  Marine  
  66  6:13  Widow Mine  
  68  6:21  SCV x2  
  68  6:24  Marine  
  71  6:33  SCV x2  
  73  6:42  Marine  
  73  6:45  SCV x2  
  76  6:52  Barracks  
  76  6:53  Command Center  
  76  6:55  Barracks Reactor  
  76  6:57  SCV x2  
  76  6:58  Terran Infantry Armor Level 1, Barracks Reactor  
  78  7:17  Command Center  
  78  7:36  SCV, Widow Mine  
  78  7:42  Barracks Reactor  
  78  7:57  Armory  
  78  8:05  Marine x5, Command Center, Widow Mine x2  
  87  8:10  Supply Depot  
  87  8:11  Supply Depot  
  87  8:12  Supply Depot  
  87  8:16  Medivac  
  87  8:17  Medivac  
  91  8:23  Marine x2  
  91  8:25  Supply Depot  
  93  8:28  Marine x3  
  93  8:29  Widow Mine x2  
  100  8:40  Marine x2  
  102  8:41  Marine x2  
  102  8:43  Orbital Command  
  102  8:46  Marine x3, Medivac  
  102  8:47  Supply Depot, Medivac  
  111  8:49  Supply Depot  
  111  8:51  Supply Depot x2, Widow Mine x2  
  115  8:58  Marine x2  
  115  8:59  Marine x2  
  115  9:02  Planetary Fortress  
  119  9:04  Marine x3  
  122  9:12  Supply Depot  
  122  9:14  SCV x3  
  122  9:16  Marine x2, Medivac  
  122  9:17  Marine x2  
  129  9:21  Barracks  
  129  9:22  Marine x3  
  134  9:26  SCV x3  
  137  9:33  Engineering Bay  
  137  9:34  Marine x3  
  137  9:35  Marine  
  137  9:36  Terran Infantry Weapons Level 2  
  141  9:39  Marine x2  
  141  9:40  Orbital Command  
  141  9:42  Barracks  
  139  9:53  SCV x3  
  139  9:54  Marine  
  143  10:00  Marine x5  
  143  10:05  SCV x3  
  151  10:10  Marine  
  151  10:12  Marine  
  153  10:17  SCV x2  
  153  10:18  Marine x4  
  153  10:21  Marine  
  159  10:25  Barracks Reactor  
  159  10:28  Marine  
  161  10:30  Marine, Barracks Reactor  
  161  10:34  Barracks  
  162  10:35  Marine  
  162  10:36  Marine x3, Barracks  
  162  10:39  Marine  
  167  10:46  Marine  
  167  10:48  Marine  
  169  10:53  Marine x2  
  169  10:54  Marine x2  
  169  10:57  Marine  
  173  10:58  Command Center  
  173  11:03  Marine  
  112  11:25  Marine x12  
  104  11:42  Marine  
  104  11:43  Marine x11  
  100  11:55  Widow Mine  
  100  11:56  Widow Mine  
  100  11:58  Terran Infantry Armor Level 2  
  100  12:00  Marine  
  100  12:01  Marine x11  
  114  12:14  Medivac x2  
  118  12:17  Widow Mine x2  
  118  12:18  Marine x6  
  118  12:19  Marine x6  
  122  12:36  Marine x12  
  128  12:38  Widow Mine x2  
  113  12:44  Medivac x2  
  113  12:48  Orbital Command  
  114  12:54  Marine x12  
  126  12:59  Widow Mine  
  126  13:00  Widow Mine  
  130  13:12  Marine x12  
  146  13:21  Widow Mine x2  
  150  13:29  Marine  
  150  13:30  Marine x11  
  106  13:37  Viking x2  
  104  13:42  Widow Mine  
  104  13:43  Widow Mine  
  104  13:47  Marine x6  
  104  13:48  Marine x6  
Tags
 
Add a new tag
Caveats
  • Supply blocks, unpowered buildings, or Contaminate may cause inaccurate times.
  • Supply counts are checked every 10 seconds.